 Dungeon Crawl Stone Soup version 0.21.1-1-g345015fe64 (console) character file.

179 Kloppie the Ruffian (level 5, -3/53 HPs)
             Began as a Troll Fighter on Apr 28, 2018.
             Slain by an orc
             ... wielding a +0 trident
              (6 damage)
             ... on level 3 of the Dungeon.
             The game lasted 00:02:46 (1578 turns).

Kloppie the Ruffian (Troll Fighter)                 Turns: 1578, Time: 00:02:47

Health: -3/53      AC:  5    Str: 24    XL:     5   Next: 32%
Magic:  4/4        EV: 10    Int:  4    God:
Gold:   123        SH:  0    Dex: 10    Spells: 4/4 levels left

rFire    . . .     SeeInvis .     - Unarmed
rCold    . . .     Gourm    +   (no shield)
rNeg     . . .     Faith    .   a - +0 robe
rPois    .         Spirit   .   (helmet restricted)
rElec    .         Reflect  .   (no cloak)
rCorr    .         Harm     .   (gloves unavailable)
MR       .....                  (boots unavailable)
Stlth    +.........             (no amulet)
HPRegen  0.57/turn              (no ring)
MPRegen  0.09/turn              (no ring)

@: hasted, very quick
A: large, unfitting armour, claws 3, fast metabolism 3, gourmand, regeneration
1, shaggy fur 1, tough skin 2
a: no special abilities


You were on level 3 of the Dungeon.
You were completely stuffed.

You visited 1 branch of the dungeon, and saw 3 of its levels.

You collected 123 gold pieces.

Inventory:

Armour
 a - a +0 robe (worn)
 b - a +0 shield
Scrolls
 e - 3 scrolls of teleportation {unknown}
 g - a scroll of blinking {unknown}
 i - a scroll of remove curse {unknown}
 m - a scroll of magic mapping {unknown}
 n - a scroll of fear {unknown}
Potions
 c - 2 potions of might
 h - a potion of haste
 j - a potion of curing {unknown}
 k - a potion of mutation {unknown}
 l - a potion of heal wounds {unknown}
Comestibles
 d - 7 rations
 f - 4 chunks of flesh


   Skills:
 + Level 3.4 Fighting
 - Level 2.4 Dodging
 - Level 2.4 Shields
 * Level 4.7 Unarmed Combat


You had 4 spell levels left.
You didn't know any spells.

Dungeon Overview and Level Annotations

Branches:
Dungeon (3/15)

Altars:


Innate Abilities, Weirdness & Mutations

You are too large for most types of armour.
You have claws for hands.
Your metabolism is lightning-fast.
You like to eat raw meat.
Your natural rate of healing is unusually fast.
You are covered in fur. (AC +1)
You have very tough skin. (AC +2)


Message History

The orc hits you with a war axe.
You completely miss the orc wizard. The orc hits you with a trident.
The orc wizard hits you but does no damage.
You scratch the orc wizard but do no damage.
The orc hits you with a war axe! The orc hits you with a trident.
The orc wizard mumbles some strange words.
The orc wizard blinks!
The orc hits you with a war axe.
* * * LOW HITPOINT WARNING * * *
The orc barely misses you. The orc hits you with a war axe!
* * * LOW HITPOINT WARNING * * *
The orc hits you from afar with a trident!
* * * LOW HITPOINT WARNING * * *
The orc wizard casts a spell at you. The magic dart hits you!
* * * LOW HITPOINT WARNING * * *
It was a potion of haste.
You feel yourself speed up.
The orc hits you from afar with a trident.
You die...

###.....#.#.#######.#.#
..'.....+...#.......#.#####
###.....#.###.#######.....#
............#........(....#
.########.#.###############
....)..##.#.#......o.$
.....#....#.##.#...#####
.....#.##.#.#.oo........
....#####.#.#.).@...#
..........#.#†##....#
....#######.#.##....#
#.#.##....# #.#.#####.#
#.#.# .# #.#.# # ###.#'##
#......#


You could see an orc wizard and 2 orcs.

Vanquished Creatures
  An orc wizard (D:3)
  Jessica (D:2)
  A gnoll (D:1)
  3 adders
  An ooze (D:2)
  4 worms
  A dart slug (D:3)
  An orc (D:3)
  4 bats
  7 giant cockroaches
  8 goblins
  5 hobgoblins
  9 jackals
  2 quokkas
  5 frilled lizards
  13 kobolds
  4 rats
  A bush (D:1)
71 creatures vanquished.

Notes
Turn   | Place    | Note
-------+----------+-------------------------------------------
     0 | D:1      | Kloppie the Troll Fighter began the quest for the Orb.
     0 | D:1      | Reached XP level 1. HP: 22/22 MP: 0/0
    35 | D:1      | Reached XP level 2. HP: 22/29 MP: 1/1
   377 | D:1      | Reached skill level 3 in Unarmed Combat
   480 | D:1      | Reached XP level 3. HP: 36/36 MP: 2/2
   879 | D:2      | Noticed Jessica
   883 | D:2      | Killed Jessica
   883 | D:2      | Reached XP level 4. HP: 45/45 MP: 3/3
   889 | D:2      | Reached skill level 4 in Unarmed Combat
  1369 | D:3      | Reached XP level 5. HP: 53/53 MP: 4/4
  1578 | D:3      | Slain by an orc

Skill      XL: |  1  2  3  4 |
---------------+-------------+-----
Unarmed Combat | 3 4 |  4.7
Fighting       | 3 |  3.4
Dodging        | |  2.4
Shields        | |  2.4

Action                   |  1- 3 |  4- 6 || total
-------------------------+-------+-------++-------
Melee: Unarmed           |   114 |    75 ||   189
       Punch             |     1 |     3 ||     4
  Use: Potion            |       |     1 ||     1
 Stab: Sleeping          |       |     1 ||     1
  Eat: Chunk             |    14 |     6 ||    20
Armor: Robe              |    30 |    22 ||    52
Dodge: Dodged            |    35 |    51 ||    86
